Map: Lightshade LE

Players

A.I. 2 (Very Easy)

  • Race: Terran Terran

Zorohm - Winner!

  • Race: Zerg Zerg
  • League: Master

VOD

Have the link to the VOD?

Description

Time

  • Played on: July 25, 2021, 1:36 p.m.
  • Length: 5:47
Show
View Real Time Build Order
Export as new Build Order

A.I. 2 (Very Easy) Terran 

Build Orders:  

Get SALT Encoding   

  12  0:00  SCV  
  13  0:13  SCV  
  14  0:18  Supply Depot  
  14  0:37  Refinery  
  14  0:42  Barracks  
  14  1:04  Supply Depot  
  14  1:12  Refinery  
  14  1:29  Barracks Tech Lab  
  14  1:30  Orbital Command  
  14  1:47  Marine  
  15  1:55  SCV  
  16  2:07  SCV  
  17  2:19  SCV  
  18  2:31  SCV  
  18  2:34  Marine  
  20  2:44  SCV  
  21  2:56  SCV  
  22  3:22  Marauder  
  24  5:21  Marine  
  23  5:30  SCV  
Show
View Real Time Build Order
Export as new Build Order

Zorohm Zerg - Winner!

Build Orders: Hatch First 

Get SALT Encoding   

  12  0:00  Drone  
  13  0:12  Overlord  
  13  0:17  Drone  
  14  0:30  Drone x2  
  16  0:49  Hatchery  
  15  0:52  Drone  
  15  0:55  Drone  
  17  0:59  Drone  
  18  1:09  Extractor  
  17  1:14  Spawning Pool  
  17  1:17  Drone  
  17  1:20  Drone  
  18  1:27  Drone  
  19  1:38  Overlord  
  19  1:49  Drone  
  20  2:01  Queen x2  
  20  2:02  Zergling x4  
  26  2:10  Metabolic Boost  
  26  2:11  Drone  
  26  2:12  Drone  
  28  2:21  Drone  
  29  2:23  Drone  
  30  2:36  Queen x2  
  30  2:39  Overlord  
  30  2:44  Overlord  
  34  2:59  Hatchery  
  34  3:00  Drone  
  34  3:03  Drone  
  34  3:05  Drone  
  36  3:07  Drone  
  36  3:10  Drone  
  36  3:12  Drone  
  39  3:15  Drone  
  39  3:17  Drone  
  42  3:20  Drone  
  42  3:21  Drone  
  42  3:24  Drone  
  42  3:26  Extractor  
  43  3:33  Roach Warren  
  42  3:49  Overlord x2  
  42  3:50  Overlord  
  42  4:18  Roach  
  42  4:19  Roach x11  
  42  4:24  Zergling x4  
  67  4:25  Zergling x2  
  67  4:28  Zergling x2  
  70  4:33  Zergling x2  
  70  4:34  Zergling x4  
  73  4:41  Overlord  
  73  4:42  Zergling x2  
  73  4:43  Zergling x2  
  75  4:50  Zergling x8  
  75  4:51  Zergling x2  
  80  4:53  Zergling x2  
  81  5:05  Ravager x3  
  81  5:06  Zergling x10  
  89  5:10  Overlord  
  89  5:20  Overlord  
  88  5:29  Zergling x2  
  88  5:30  Zergling x14  
Tags
 
Add a new tag
Caveats
  • Supply blocks, unpowered buildings, or Contaminate may cause inaccurate times.
  • Supply counts are checked every 10 seconds.